 Dungeon Crawl Stone Soup version 0.29-a0-468-ge57f7f99b4 (webtiles) character file.

Game seed: 3084862866835677007

69 benadryl the Conjurer (level 4, -3/55 HPs)
             Began as a Draconian Conjurer on May 21, 2022.
             Slain by a white imp (5 damage)
             ... summoned by Natasha
             ... on level 2 of the Dungeon.
             The game lasted 00:03:13 (2456 turns).

benadryl the Conjurer (Draconian Conjurer)          Turns: 2456, Time: 00:03:13

Health: -3/55      AC: 22    Str: 10    XL:     4   Next: 2%
Magic:  1/8        EV:  2    Int: 20    God:
Gold:   60         SH:  0    Dex:  9    Spells: 5/8 levels left

rFire   . . .      SeeInvis .   e - +0 dagger
rCold   . . .      Faith    .   (no shield)
rNeg    . . .      Spirit   .   (body armour unavailable)
rPois   +          Reflect  .   (helmet currently unavailable)
rElec   .          Harm     .   (cloak currently unavailable)
rCorr   .          Rampage  .   (gloves currently unavailable)
Will    .....      NoTele   +   (boots currently unavailable)
Stlth   ++........              (no amulet)
HPRegen 0.18/turn               (no ring)
MPRegen 0.11/turn               (no ring)

@: mighty, tree-form, slowed, unable to read, very slow
A: stationary, stasis, torment immunity, boosted hp, AC +5, unfitting armour,
(cold-blooded), (horns 1), inability to read while threatened
a: no special abilities


You were on level 2 of the Dungeon.
You were a tree.
You visited 1 branch of the dungeon, and saw 2 of its levels.

You collected 60 gold pieces.

Inventory:

Hand Weapons
 e - a +0 dagger (weapon)
Missiles
 c - 6 poisoned darts
Scrolls
 b - a scroll of fog
 d - 2 scrolls of identify {unknown}
 f - a scroll of brand weapon {unknown}
Potions
 a - a potion of magic
 h - a potion of lignification
 j - a potion of heal wounds {unknown}


   Skills:
 + Level 2.4 Fighting
 - Level 1.7 Dodging
 - Level 1.7 Stealth
 + Level 2.9 Spellcasting
 + Level 4.4 Conjurations


You had 5 spell levels left.
You knew the following spells:

 Your Spells              Type           Power      Damage    Failure   Level
a - Magic Dart            Conj           80%        1d7       2%          1
b - Searing Ray           Conj           40%        2d5       3%          2

Your spell library contained the following spells:

 Spells                   Type           Power      Damage    Failure   Level
 Dazzling Flash           Conj/Hex       22%        N/A       17%         3
 Fulminant Prism          Conj/Hex       5%         3d7       50%         4
 Iskenderun's Mystic Bla  Conj/Tloc      11%        2d4       50%         4


Dungeon Overview and Level Annotations

Branches:
Dungeon (2/15)

Altars:

Annotations:
D:2 Natasha


Innate Abilities, Weirdness & Mutations

You are a tree.
Your roots penetrate the ground, keeping you stationary.
You cannot be teleported.
You are immune to unholy pain and torment.
Your maximum health is greatly increased.
Your equipment is partially melded.
((Your plain brown scales are hard. (AC +5)))
You cannot fit into any form of body armour.
((You are cold-blooded and may be slowed by cold attacks.))
((You have a pair of small horns on your head.))
You sometimes lose the ability to read scrolls when taking damage.


Message History

You feel as though you will be slow longer.
The searing ray hits Natasha!
Natasha is heavily wounded.
You finish channelling your searing ray.
Natasha casts a spell at you. The magic dart hits you!
Natasha casts a spell.
You hit Natasha but do no damage.
Natasha is heavily wounded.
Natasha barely misses you.
You hit Natasha but do no damage.
Natasha is heavily wounded.
Natasha barely misses you. The white imp closely misses you.
The crimson imp blinks!
Natasha stares at you and mumbles some strange words.
The magic dart hits you.
* * * LOW HITPOINT WARNING * * *
The white imp hits you.
* * * LOW HITPOINT WARNING * * *
The white imp freezes you.
* * * LOW HITPOINT WARNING * * *
It was a potion of lignification.
You turn into a tree.
Your roots penetrate the ground.
Natasha claws you but does no damage. The white imp gestures at you.
The puff of frost hits you but does no damage.
It was a potion of mutation.
You feel extremely strange. A pair of horns grows on your head!
You lose the ability to read scrolls when threatened.
Natasha claws you.
* * * LOW HITPOINT WARNING * * *
The white imp hits you but does no damage.
Natasha claws you but does no damage.
The white imp hits you but does no damage.
It was a potion of might.
You feel very mighty all of a sudden. Natasha claws you but does no damage.
The white imp hits you.
* * * LOW HITPOINT WARNING * * *
The white imp freezes you.
You feel threatened and lose the ability to read scrolls!
You die...

####.##..#
###.##..#
#.......#
#.#.###.#
#.#.# #.#
#.#.# ..#
#.#.# ###
########.#.#
.....[..♣5.#
########h###
#......)#
#.#####.#
#.5.g....
.#....... .#
#...... ..
...... #.
.?....


You could see Natasha, a crimson imp (summoned) and a white imp (summoned).

Vanquished Creatures
  3 adders (D:2)
  A worm (D:2)
  A dart slug (D:1)
  3 endoplasms (D:1)
  3 giant cockroaches
  3 hobgoblins
  3 kobolds
  3 quokkas (D:1)
  2 ball pythons (D:2)
  4 bats
  2 frilled lizards
  5 goblins
  2 rats (D:1)
35 creatures vanquished.

Notes
Turn   | Place    | Note
-------+----------+-------------------------------------------
     0 | D:1      | benadryl the Draconian Conjurer began the quest for the
                  | Orb.
     0 | D:1      | Reached XP level 1. HP: 14/14 MP: 3/3
   287 | D:1      | Reached skill level 1 in Fighting
   579 | D:1      | Reached XP level 2. HP: 14/23 MP: 0/5
   586 | D:1      | Learned a level 2 spell: Searing Ray
  1322 | D:1      | Found a faded altar of an unknown god.
  1474 | D:2      | Reached XP level 3. HP: 29/29 MP: 0/6
  2310 | D:2      | Identified the +4 buckler "Pyras" {Harm rF- rN+ SInv}
  2435 | D:2      | Noticed Natasha
  2448 | D:2      | Reached XP level 4. HP: 24/37 MP: 5/8
  2455 | D:2      | Gained mutation: You have a pair of small horns on your
                  | head. [potion of mutation]
  2455 | D:2      | Gained mutation: You sometimes lose the ability to read
                  | scrolls when taking damage. [potion of mutation]
  2456 | D:2      | HP: 2/55 [white imp[Natasha] (1)]
  2456 | D:2      | Slain by a white imp

Illustrated notes

Levels and vault maps discovered:
D:1:      psy_arrival_terrarium, layout_basic,
          shapermc_ecumenical_altar_notcrosses
D:2:      layout_loops_ring, uniq_natasha

Skill      XL: |  1  2  3 |
---------------+----------+-----
Fighting       | 1 2 |  2.4
Dodging        | |  1.7
Stealth        | |  1.7
Spellcasting   | |  2.9
Conjurations   | |  4.4

Action                   |  1- 3 |  4- 6 || total
-------------------------+-------+-------++-------
Melee: Unarmed           |    10 |       ||    10
       Tailslap          |     5 |       ||     5
       Dagger            |    29 |     2 ||    31
 Cast: Magic Dart        |    50 |       ||    50
       Searing Ray       |     9 |     1 ||    10
  Use: Scroll            |     1 |       ||     1
       Potion            |       |     3 ||     3
Armor: Skin              |    15 |     7 ||    22
Dodge: Dodged            |    27 |     5 ||    32

Table legend: (Time is in decaauts)
 A = Elapsed time spent in this place.
 B = Non-inter-level travel time spent in this place.
 C = Inter-level travel time spent in this place.
 D = Time resting spent in this place.
 E = Time spent auto-exploring this place.
 F = Levels seen in this place.
 G = Mean time per level.
                   A        B        C        D        E       F      G
               +--------+--------+--------+--------+--------+-----+--------+
         Total |   2466 |   2452 |     14 |    820 |   1406 |   2 | 1233.0 |
       Dungeon |   2466 |   2452 |     14 |    820 |   1406 |   2 | 1233.0 |
               +--------+--------+--------+--------+--------+-----+--------+

Top non-repeatable levels by time:
     D:1: 1471 daAuts
     D:2: 995 daAuts
